COLUMBUS Blue Jackets vs OTTAWA Senators

Created - 17 mars 2024 at 14:00

Goals
1 2 3 OT1 T
COLUMBUS Blue Jackets 2 1 0 0 3
OTTAWA Senators 3 0 0 1 4
Shots
1 2 3 OT1 T
COLUMBUS Blue Jackets 20 14 3 0 37
OTTAWA Senators 4 12 13 2 31

1st period

1. COLUMBUS Blue Jackets , Anthony Cirelli 20 (Dmitry Orlov 26) at 5:05
2. OTTAWA Senators , Sean Durzi 4 (Connor McDavid 45, J.J. Moser 15) at 8:42
3. OTTAWA Senators , Mikko Rantanen 26 (Connor McDavid 46, K'Andre Miller 34) at 10:10
4. COLUMBUS Blue Jackets , Anthony Cirelli 21 (Artturi Lehkonen 35, Neal Pionk 26) at 15:42
5. OTTAWA Senators , Connor McDavid 33 (Mikko Rantanen 31, Cale Makar 38) at 17:07

Penalties :
Sean Durzi (OTT) for High sticking (Minor) at 16:24, Blake Coleman (CLB) for Slashing (Minor) at 16:45

2nd period

6. COLUMBUS Blue Jackets , Dmitry Orlov 14 (Artturi Lehkonen 36, Blake Coleman 21) at 0:11

Penalties :
Martin Fehervary (CLB) for Interference (Minor) at 0:25, Connor McDavid (OTT) for High sticking (Minor) at 0:31, Calvin de Haan (CLB) for Tripping (Minor) at 9:37, Connor McDavid (OTT) for Holding (Minor) at 13:06

3rd period

No Goal

Penalties :
Connor McDavid (OTT) for High sticking (Minor) at 0:40, Neal Pionk (CLB) for Tripping (Minor) at 4:11, Nick Seeler (OTT) for Cross-checking (Minor) at 6:34, Dmitry Orlov (CLB) for Delaying the game (Minor) at 10:45, Blake Coleman (CLB) for Elbowing (Minor) at 15:26, Evan Rodrigues (CLB) for High sticking (Minor) at 18:43

Overtime #1

7. OTTAWA Senators , Dylan Strome 18 (Cale Makar 39) at 4:10

Penalties :
No Penalty

Goalie Stats

Mackenzie Blackwood (CLB), 27 saves from 31 shots - (0,871), OTL, 5-2-1, 64:11 minutes
Logan Thompson (OTT), 34 saves from 37 shots - (0,919), W, 31-14-4, 64:11 minutes

Players Stats for COLUMBUS Blue Jackets

Player Name              G  A  P  +/- PIM S  H  SB GA TA FO     MP     PP MP  PK MP  
------------------------------------------------------------------------------------
Andre Burakovsky         0  0  0  -1  0   2  0  0  0  0  0/0    12:15   0:00   0:00 
Anthony Cirelli          2  0  2   2  0   6  0  0  0  0  14/25  21:54   2:58   1:49 
Artturi Lehkonen         0  2  2   3  0   4  1  0  0  0  3/4    22:49   2:58   2:21 
Blake Coleman            0  1  1   3  4   4  1  0  0  0  1/2    19:25   2:57   1:29 
Calvin de Haan           0  0  0   0  2   0  1  0  0  0  0/0    12:02   0:00   1:49 
Dmitry Orlov             1  1  2   0  2   1  5  1  0  0  0/0    27:37   3:21   4:59 
Evan Rodrigues           0  0  0   0  2   4  1  1  0  0  9/17   18:02   3:26   4:45 
Jake Evans               0  0  0   0  0   0  1  0  0  0  5/12    8:51   0:00   0:00 
Kailer Yamamoto          0  0  0  -1  0   4  2  0  0  0  0/0    15:27   3:26   0:00 
Lars Eller               0  0  0  -2  0   3  2  0  0  0  10/25  17:43   0:00   3:05 
Martin Fehervary         0  0  0   0  2   2  2  2  0  0  0/0    21:00   3:03   4:25 
Matt Benning             0  0  0   0  0   0  2  0  0  0  0/0    13:24   0:00   0:49 
Max Pacioretty           0  0  0  -1  0   0  0  0  0  0  0/0     4:34   0:00   0:00 
Neal Pionk               0  1  1   0  2   0  0  2  0  0  0/0    21:01   3:03   3:34 
Ondrej Palat             0  0  0  -1  0   1  3  0  0  0  0/1    15:27   3:26   0:00 
Ryan Pulock              0  0  0  -1  0   3  4  1  0  0  0/0    29:46   3:21   5:08 
Travis Boyd              0  0  0  -1  0   3  0  0  0  0  0/0     5:01   0:00   0:00 
Zemgus Girgensons        0  0  0  -2  0   0  0  1  0  0  5/12   12:58   0:00   6:32 

Players Stats for OTTAWA Senators

Player Name              G  A  P  +/- PIM S  H  SB GA TA FO     MP     PP MP  PK MP  
------------------------------------------------------------------------------------
Anthony Duclair          0  0  0   0  0   2  0  0  0  0  2/2    15:03   0:50   1:06 
Cale Makar               0  2  2   3  0   0  0  0  0  0  0/0    28:29   5:13   3:17 
Connor McDavid           1  2  3   1  6   4  2  0  0  0  21/37  24:17   4:19   1:44 
Dylan Strome             1  0  1   0  0   5  0  0  0  0  17/33  26:05   4:46   1:33 
Garnet Hathaway          0  0  0  -1  0   4  3  0  0  0  1/1    13:20   0:00   0:00 
J.J. Moser               0  1  1   0  0   2  0  0  0  0  0/0    12:43   0:00   0:00 
K'Andre Miller           0  1  1   2  0   2  2  0  0  0  0/0    26:45   5:13   3:17 
Max Domi                 0  0  0   0  0   1  1  0  0  0  6/7    23:40   4:20   0:59 
Mikko Rantanen           1  1  2   1  0   5  4  0  0  0  0/2    29:51   4:03   4:04 
Nick Seeler              0  0  0  -1  2   1  0  0  0  0  0/0     4:13   0:00   0:00 
Oliver Wahlstrom         0  0  0   0  0   0  2  1  0  0  2/11    7:14   0:00   2:23 
Rasmus Asplund           0  0  0   0  0   0  0  0  0  0  0/0     0:00   0:00   0:00 
Rasmus Sandin            0  0  0  -2  0   1  3  2  0  0  0/0    21:15   4:26   3:07 
Samuel Girard            0  0  0  -2  0   2  0  0  0  0  0/0    22:16   4:26   3:07 
Sean Durzi               1  0  1   1  2   1  1  0  0  0  0/0     9:11   0:00   0:00 
Steven Lorentz           0  0  0   0  0   0  0  0  0  0  0/0     0:00   0:00   0:00 
Tyler Bertuzzi           0  0  0   0  0   1  2  1  0  0  2/4    20:22   5:19   0:59 
Vladimir Tarasenko       0  0  0   0  0   0  0  0  0  0  0/1    18:32   5:19   0:00 

3 Stars

1 - Anthony Cirelli (CLB)
2 - Mikko Rantanen (OTT)
3 - Cale Makar (OTT)

Power Play

COLUMBUS Blue Jackets - 0 on 5 Attempt(s) - 0,00%
OTTAWA Senators - 0 on 7 Attempt(s) - 0,00%

Penalty Kill

COLUMBUS Blue Jackets - 7 on 7 Attempt(s) - 100,00% - Score 0 goal in Penalty Kill
OTTAWA Senators - 5 on 5 Attempt(s) - 100,00% - Score 0 goal in Penalty Kill

Team Stat

COLUMBUS Blue Jackets - Hits : 25 - Faceoff Wins : 47 - Blocked Shots : 8 - Penalty Minutes : 14
OTTAWA Senators - Hits : 20 - Faceoff Wins : 51 - Blocked Shots : 4 - Penalty Minutes : 10

Official

Referees : Chris Lee and Wes McCauley
Linesman : Jonny Murray and Veronica Lovensno

Game Notes

No Game Note

Finance

Level 1 -- Attendance: 4798 (70,52%) -- Ticket Income $479,800
Level 2 -- Attendance: 4516 (77,86%) -- Ticket Income $270,960
Level 3 -- Attendance: 1891 (47,28%) -- Ticket Income $66,185
Level 4 -- Attendance: 4590 (91,76%) -- Ticket Income $91,800
Luxury Box -- Attendance: 867 (82,18%) -- Ticket Income $173,400
Game was played at the Canadian Tire Centre.
Total Attendance: 16662 (73,53%)
Total Ticket Income: $1,082,145
Other Income: $270,536
Total Income: $1,352,681

COLUMBUS Blue Jackets

5 vs 5 Forward 
   Center                   Left Wing                Right Wing               Time % Phy DF OF 
 1 Anthony Cirelli          Artturi Lehkonen         Blake Coleman            40     0   3  2  
 2 Lars Eller               Ondrej Palat             Kailer Yamamoto          30     0   1  4  
 3 Jake Evans               Evan Rodrigues           Andre Burakovsky         20     1   1  3  
 4 Zemgus Girgensons        Max Pacioretty           Travis Boyd              10     1   4  0  

5 vs 5 Defense 
   Defense                  Defense                                           Time % Phy DF OF 
 1 Dmitry Orlov             Ryan Pulock                                       40     0   3  2  
 2 Neal Pionk               Martin Fehervary                                  30     0   4  1  
 3 Matt Benning             Calvin de Haan                                    20     0   5  0  
 4 Dmitry Orlov             Ryan Pulock                                       10     1   3  1  

PowerPlay Forward 
   Center                   Left Wing                Right Wing               Time % Phy DF OF 
 1 Anthony Cirelli          Artturi Lehkonen         Blake Coleman            60     0   1  4  
 2 Evan Rodrigues           Ondrej Palat             Kailer Yamamoto          40     0   1  4  

PowerPlay Defense
   Defense                  Defense                                           Time % Phy DF OF 
 1 Dmitry Orlov             Ryan Pulock                                       60     0   1  4  
 2 Neal Pionk               Martin Fehervary                                  40     0   1  4  

Penalty Kill 4 Players Forward 
   Center                   Wing                     Time % Phy DF OF 
 1 Evan Rodrigues           Zemgus Girgensons        60     0   5  0  
 2 Lars Eller               Blake Coleman            40     0   5  0  

Penalty Kill 4 Players Defense
   Defense                  Defense                  Time % Phy DF OF 
 1 Dmitry Orlov             Ryan Pulock              60     0   5  0  
 2 Neal Pionk               Martin Fehervary         40     0   5  0  

Penalty Kill - 3 Players Forward 
   Forward                                           Time % Phy DF OF 
 1 Artturi Lehkonen                                  60     0   5  0  
 2 Anthony Cirelli                                   40     0   5  0  

Penalty Kill - 3 Players Defense
   Defense                  Defense                  Time % Phy DF OF 
 1 Dmitry Orlov             Ryan Pulock              60     0   5  0  
 2 Neal Pionk               Martin Fehervary         40     0   5  0  

4 vs 4 Forward 
   Center                   Wing                     Time % Phy DF OF 
 1 Lars Eller               Andre Burakovsky         60     0   3  2  
 2 Artturi Lehkonen         Evan Rodrigues           40     0   3  2  

4 vs 4 Defense
   Defense                  Defense                  Time % Phy DF OF 
 1 Dmitry Orlov             Ryan Pulock              60     0   4  1  
 2 Neal Pionk               Martin Fehervary         40     0   4  1  

Last Minutes Offensive
   Center                   Left Wing                Right Wing               Defense                  Defense                  
   Anthony Cirelli          Artturi Lehkonen         Blake Coleman            Dmitry Orlov             Ryan Pulock              

Last Minutes Defensive
   Center                   Left Wing                Right Wing               Defense                  Defense                  
   Anthony Cirelli          Artturi Lehkonen         Blake Coleman            Dmitry Orlov             Ryan Pulock              

Goaltenders
Starting : Mackenzie Blackwood      
Backup : Thatcher Demko           

Extra Forwards
Normal : Travis Boyd, Anthony Cirelli, Zemgus Girgensons - PP : Blake Coleman, Travis Boyd - PK : Lars Eller
Extra Defensemen
Normal : Matt Benning, Calvin de Haan, Neal Pionk - PP : Matt Benning - PK : Calvin de Haan, Neal Pionk
Penalty Shots
Artturi Lehkonen, Anthony Cirelli, Blake Coleman, Evan Rodrigues, Kailer Yamamoto

Scratches
Eric Staal (Healthy)

OTTAWA Senators

5 vs 5 Forward 
   Center                   Left Wing                Right Wing               Time % Phy DF OF 
 1 Connor McDavid           Max Domi                 Mikko Rantanen           40     1   2  2  
 2 Dylan Strome             Tyler Bertuzzi           Vladimir Tarasenko       30     1   2  2  
 3 Dylan Strome             Anthony Duclair          Garnet Hathaway          20     1   2  2  
 4 Max Domi                 Garnet Hathaway          Mikko Rantanen           10     1   2  2  

5 vs 5 Defense 
   Defense                  Defense                                           Time % Phy DF OF 
 1 Cale Makar               K'Andre Miller                                    40     1   2  2  
 2 Samuel Girard            Rasmus Sandin                                     30     1   2  2  
 3 Sean Durzi               J.J. Moser                                        20     1   2  2  
 4 Nick Seeler              J.J. Moser                                        10     1   2  2  

PowerPlay Forward 
   Center                   Left Wing                Right Wing               Time % Phy DF OF 
 1 Connor McDavid           Max Domi                 Mikko Rantanen           60     1   2  2  
 2 Dylan Strome             Tyler Bertuzzi           Vladimir Tarasenko       40     1   2  2  

PowerPlay Defense
   Defense                  Defense                                           Time % Phy DF OF 
 1 Cale Makar               K'Andre Miller                                    60     1   2  2  
 2 Samuel Girard            Rasmus Sandin                                     40     1   2  2  

Penalty Kill 4 Players Forward 
   Center                   Wing                     Time % Phy DF OF 
 1 Connor McDavid           Mikko Rantanen           60     1   2  2  
 2 Max Domi                 Tyler Bertuzzi           40     1   2  2  

Penalty Kill 4 Players Defense
   Defense                  Defense                  Time % Phy DF OF 
 1 Cale Makar               K'Andre Miller           60     1   2  2  
 2 Samuel Girard            Rasmus Sandin            40     1   2  2  

Penalty Kill - 3 Players Forward 
   Forward                                           Time % Phy DF OF 
 1 Connor McDavid                                    60     1   2  2  
 2 Mikko Rantanen                                    40     1   2  2  

Penalty Kill - 3 Players Defense
   Defense                  Defense                  Time % Phy DF OF 
 1 Cale Makar               K'Andre Miller           60     1   2  2  
 2 Samuel Girard            Rasmus Sandin            40     1   2  2  

4 vs 4 Forward 
   Center                   Wing                     Time % Phy DF OF 
 1 Connor McDavid           Mikko Rantanen           60     1   2  2  
 2 Dylan Strome             Tyler Bertuzzi           40     1   2  2  

4 vs 4 Defense
   Defense                  Defense                  Time % Phy DF OF 
 1 Cale Makar               K'Andre Miller           60     1   2  2  
 2 Samuel Girard            Rasmus Sandin            40     1   2  2  

Last Minutes Offensive
   Center                   Left Wing                Right Wing               Defense                  Defense                  
   Connor McDavid           Tyler Bertuzzi           Mikko Rantanen           Cale Makar               K'Andre Miller           

Last Minutes Defensive
   Center                   Left Wing                Right Wing               Defense                  Defense                  
   Connor McDavid           Garnet Hathaway          Mikko Rantanen           Cale Makar               K'Andre Miller           

Goaltenders
Starting : Logan Thompson           
Backup : Pheonix Copley           

Extra Forwards
Normal : Mikko Rantanen, Anthony Duclair, Oliver Wahlstrom - PP : Connor McDavid, Anthony Duclair - PK : Oliver Wahlstrom
Extra Defensemen
Normal : Sean Durzi, J.J. Moser, Nick Seeler - PP : Sean Durzi - PK : J.J. Moser, Nick Seeler
Penalty Shots
Connor McDavid, Mikko Rantanen, Max Domi, Dylan Strome, Tyler Bertuzzi

Scratches
Boris Katchouk (Healthy), Filip Zadina (Healthy)

% Time on Ice - COLUMBUS Blue Jackets

Lines # - Real PCT - Wanted PCT - Time Play
Normal Forward
1 - 37% - 40% - 15:00
2 - 30% - 30% - 12:01
3 - 22% - 20% - 8:51
4 - 11% - 10% - 4:34
Normal Defense
1 - 41% - 40% - 16:23
2 - 32% - 30% - 12:48
3 - 25% - 20% - 10:14
4 - 3% - 10% - 1:01
PP Forward
1 - 46% - 60% - 2:58
2 - 54% - 40% - 3:26
PP Defense
1 - 52% - 60% - 3:21
2 - 48% - 40% - 3:03
PK Forward
1 - 78% - 60% - 7:33
2 - 22% - 40% - 2:06
PK Defense
1 - 55% - 60% - 5:17
2 - 45% - 40% - 4:22
PK3 Forward
1 - 100% - 60% - 0:43
2 - 0% - 40% - 0:00
PK3 Defense
1 - 93% - 60% - 0:40
2 - 7% - 40% - 0:03
44 Forward
1 - 74% - 60% - 2:37
2 - 26% - 40% - 0:54
44 Defense
1 - 54% - 60% - 1:54
2 - 46% - 40% - 1:37
Last Minute Offensive  - 0:00
Last Minute Defensive  - 0:00
Total
Forward - 60:43
Defense - 60:43

% Time on Ice - OTTAWA Senators

Lines # - Real PCT - Wanted PCT - Time Play
Normal Forward
1 - 37% - 40% - 14:54
2 - 33% - 30% - 13:13
3 - 23% - 20% - 9:25
4 - 7% - 10% - 2:54
Normal Defense
1 - 40% - 40% - 16:14
2 - 28% - 30% - 11:29
3 - 23% - 20% - 9:12
4 - 9% - 10% - 3:31
PP Forward
1 - 45% - 60% - 4:20
2 - 55% - 40% - 5:19
PP Defense
1 - 54% - 60% - 5:13
2 - 46% - 40% - 4:26
PK Forward
1 - 85% - 60% - 5:25
2 - 15% - 40% - 0:59
PK Defense
1 - 51% - 60% - 3:17
2 - 49% - 40% - 3:07
PK3 Forward
1 - 0% - 60%
2 - 0% - 40%
PK3 Defense
1 - 0% - 60%
2 - 0% - 40%
44 Forward
1 - 93% - 60% - 3:56
2 - 7% - 40% - 0:18
44 Defense
1 - 48% - 60% - 2:01
2 - 52% - 40% - 2:13
Last Minute Offensive  - 0:00
Last Minute Defensive  - 0:00
Total
Forward - 60:43
Defense - 60:43

Play-by-Play

1st period


0:01 of 1st period - Connor McDavid wins face-off versus Anthony Cirelli in neutral zone.
0:25 of 1st period - Shot by Blake Coleman.
0:25 of 1st period - Stopped by Logan Thompson without a rebound.
0:26 of 1st period - Lars Eller wins face-off versus Dylan Strome in OTTAWA Senators zone.
0:39 of 1st period - Shot by Kailer Yamamoto.
0:39 of 1st period - Stopped by Logan Thompson without a rebound.
0:40 of 1st period - Max Domi wins face-off versus Jake Evans in OTTAWA Senators zone.
0:40 of 1st period - Sean Durzi is hit by Jake Evans and loses puck.
1:20 of 1st period - Shot by Evan Rodrigues.
1:20 of 1st period - Shot Misses the Net.
2:00 of 1st period - Dylan Strome is hit by Ondrej Palat and loses puck.
2:30 of 1st period - Dylan Strome is hit by Lars Eller and loses puck.
2:51 of 1st period - Shot by Artturi Lehkonen.
2:51 of 1st period - Shot Misses the Net.
3:22 of 1st period - Icing by K'Andre Miller.
3:23 of 1st period - Zemgus Girgensons wins face-off versus Connor McDavid in OTTAWA Senators zone.
3:26 of 1st period - Shot by Travis Boyd.
3:26 of 1st period - Stopped by Logan Thompson without a rebound.
3:27 of 1st period - Zemgus Girgensons wins face-off versus Oliver Wahlstrom in OTTAWA Senators zone.
3:30 of 1st period - Shot by Travis Boyd.
3:30 of 1st period - Deflect By Zemgus Girgensons.
3:30 of 1st period - Shot Misses the Net.
3:40 of 1st period - Matt Benning is hit by Oliver Wahlstrom and loses puck.
4:45 of 1st period - Shot by Artturi Lehkonen.
4:45 of 1st period - Stopped by Logan Thompson with a rebound.
5:05 of 1st period - Shot by Anthony Cirelli.
5:05 of 1st period - Goal by Anthony Cirelli - COLUMBUS Blue Jackets : 1 - OTTAWA Senators : 0.
5:06 of 1st period - Dylan Strome wins face-off versus Lars Eller in neutral zone.
5:19 of 1st period - Shot by Dylan Strome.
5:19 of 1st period - Stopped by Mackenzie Blackwood without a rebound.
5:20 of 1st period - Dylan Strome wins face-off versus Jake Evans in COLUMBUS Blue Jackets zone.
6:48 of 1st period - Icing by Rasmus Sandin.
6:49 of 1st period - Connor McDavid wins face-off versus Lars Eller in OTTAWA Senators zone.
7:09 of 1st period - Kailer Yamamoto is hit by Sean Durzi.
7:11 of 1st period - Shot by Ondrej Palat.
7:11 of 1st period - Stopped by Logan Thompson with a rebound.
7:25 of 1st period - Shot by Lars Eller.
7:25 of 1st period - Shot Misses the Net.
7:27 of 1st period - Shot by Kailer Yamamoto.
7:27 of 1st period - Stopped by Logan Thompson without a rebound.
7:28 of 1st period - Anthony Cirelli wins face-off versus Dylan Strome in OTTAWA Senators zone.
8:15 of 1st period - Shot by Connor McDavid.
8:15 of 1st period - Shot Misses the Net.
8:40 of 1st period - Shot by Connor McDavid.
8:40 of 1st period - Shot Blocked by Zemgus Girgensons.
8:42 of 1st period - Shot by Sean Durzi.
8:42 of 1st period - Goal by Sean Durzi - COLUMBUS Blue Jackets : 1 - OTTAWA Senators : 1.
8:43 of 1st period - Lars Eller wins face-off versus Oliver Wahlstrom in neutral zone.
8:48 of 1st period - Garnet Hathaway is hit by Kailer Yamamoto and loses puck.
8:54 of 1st period - Icing by Oliver Wahlstrom.
8:55 of 1st period - Zemgus Girgensons wins face-off versus Oliver Wahlstrom in OTTAWA Senators zone.
9:00 of 1st period - Shot by Max Pacioretty.
9:00 of 1st period - Deflect By Travis Boyd.
9:00 of 1st period - Stopped by Logan Thompson with a rebound.
9:02 of 1st period - Shot by Max Pacioretty.
9:02 of 1st period - Shot Misses the Net.
10:10 of 1st period - Shot by Mikko Rantanen.
10:10 of 1st period - Goal by Mikko Rantanen - COLUMBUS Blue Jackets : 1 - OTTAWA Senators : 2.
10:11 of 1st period - Anthony Cirelli wins face-off versus Vladimir Tarasenko in neutral zone.
10:24 of 1st period - Off-side.
10:25 of 1st period - Connor McDavid wins face-off versus Lars Eller in neutral zone.
10:27 of 1st period - Cale Makar is hit by Kailer Yamamoto and loses puck.
10:54 of 1st period - K'Andre Miller is hit by Ondrej Palat and loses puck.
11:09 of 1st period - Shot by Lars Eller.
11:09 of 1st period - Stopped by Logan Thompson without a rebound.
11:10 of 1st period - Anthony Cirelli wins face-off versus Dylan Strome in OTTAWA Senators zone.
11:15 of 1st period - Shot by Artturi Lehkonen.
11:15 of 1st period - Deflect By Anthony Cirelli.
11:15 of 1st period - Stopped by Logan Thompson without a rebound.
11:16 of 1st period - Anthony Cirelli wins face-off versus Dylan Strome in OTTAWA Senators zone.
11:19 of 1st period - Shot by Anthony Cirelli.
11:19 of 1st period - Shot Misses the Net.
11:21 of 1st period - Shot by Dmitry Orlov.
11:21 of 1st period - Shot Misses the Net.
11:23 of 1st period - Shot by Ryan Pulock.
11:23 of 1st period - Shot Misses the Net.
11:49 of 1st period - Shot by Anthony Cirelli.
11:49 of 1st period - Stopped by Logan Thompson without a rebound.
11:50 of 1st period - Connor McDavid wins face-off versus Lars Eller in OTTAWA Senators zone.
13:06 of 1st period - Dylan Strome is hit by Ryan Pulock and loses puck.
14:04 of 1st period - Shot by Evan Rodrigues.
14:04 of 1st period - Shot Blocked by Rasmus Sandin.
14:18 of 1st period - Shot by Evan Rodrigues.
14:18 of 1st period - Stopped by Logan Thompson with a rebound.
14:20 of 1st period - Shot by Andre Burakovsky.
14:20 of 1st period - Stopped by Logan Thompson without a rebound.
14:21 of 1st period - Connor McDavid wins face-off versus Zemgus Girgensons in OTTAWA Senators zone.
14:31 of 1st period - Off-side.
14:32 of 1st period - Connor McDavid wins face-off versus Lars Eller in neutral zone.
14:34 of 1st period - Max Domi is hit by Dmitry Orlov and loses puck.
14:38 of 1st period - Icing by Dmitry Orlov.
14:39 of 1st period - Lars Eller wins face-off versus Connor McDavid in COLUMBUS Blue Jackets zone.
15:42 of 1st period - Shot by Anthony Cirelli.
15:42 of 1st period - Goal by Anthony Cirelli - COLUMBUS Blue Jackets : 2 - OTTAWA Senators : 2.
15:43 of 1st period - Jake Evans wins face-off versus Dylan Strome in neutral zone.
15:50 of 1st period - Shot by Evan Rodrigues.
15:50 of 1st period - Shot Blocked by Tyler Bertuzzi.
15:58 of 1st period - Shot by Evan Rodrigues.
15:58 of 1st period - Stopped by Logan Thompson without a rebound.
15:59 of 1st period - Dylan Strome wins face-off versus Anthony Cirelli in OTTAWA Senators zone.
16:13 of 1st period - Artturi Lehkonen is hit by Garnet Hathaway and loses puck.
16:22 of 1st period - Shot by Blake Coleman.
16:22 of 1st period - Stopped by Logan Thompson with a rebound.
16:24 of 1st period - Shot by Blake Coleman.
16:24 of 1st period - Stopped by Logan Thompson without a rebound.
16:24 of 1st period - Minor Penalty to Sean Durzi for High sticking.
16:25 of 1st period - Connor McDavid wins face-off versus Evan Rodrigues in OTTAWA Senators zone.
16:44 of 1st period - Shot by Ryan Pulock.
16:44 of 1st period - Stopped by Logan Thompson without a rebound.
16:45 of 1st period - Connor McDavid wins face-off versus Anthony Cirelli in OTTAWA Senators zone.
16:45 of 1st period - Minor Penalty to Blake Coleman for Slashing.
16:46 of 1st period - Connor McDavid wins face-off versus Lars Eller in COLUMBUS Blue Jackets zone.
17:07 of 1st period - Shot by Connor McDavid.
17:07 of 1st period - Goal by Connor McDavid - COLUMBUS Blue Jackets : 2 - OTTAWA Senators : 3.
17:08 of 1st period - Connor McDavid wins face-off versus Lars Eller in neutral zone.
17:15 of 1st period - Shot by Connor McDavid.
17:15 of 1st period - Shot Misses the Net.
17:23 of 1st period - Neal Pionk is hit by Mikko Rantanen and loses puck.
17:47 of 1st period - Samuel Girard is hit by Lars Eller and loses puck.
18:20 of 1st period - Shot by Artturi Lehkonen.
18:20 of 1st period - Shot Misses the Net.
18:25 of 1st period - Connor McDavid is hit by Dmitry Orlov and loses puck.
18:47 of 1st period - Icing by Matt Benning.
18:48 of 1st period - Dylan Strome wins face-off versus Anthony Cirelli in COLUMBUS Blue Jackets zone.
18:53 of 1st period - Shot by Garnet Hathaway.
18:53 of 1st period - Shot Misses the Net.
19:13 of 1st period - Shot by Blake Coleman.
19:13 of 1st period - Deflect By Artturi Lehkonen.
19:13 of 1st period - Stopped by Logan Thompson with a rebound.
19:15 of 1st period - Shot by Anthony Cirelli.
19:15 of 1st period - Deflect By Artturi Lehkonen.
19:15 of 1st period - Stopped by Logan Thompson without a rebound.
19:16 of 1st period - Lars Eller wins face-off versus Dylan Strome in OTTAWA Senators zone.
19:16 of 1st period - Lars Eller is hit by K'Andre Miller.
Goals for this period are 2 for COLUMBUS Blue Jackets vs 3 for OTTAWA Senators.
Shots for this period are 20 for COLUMBUS Blue Jackets vs 4 for OTTAWA Senators.

2nd period


0:01 of 2nd period - Anthony Cirelli wins face-off versus Connor McDavid in neutral zone.
0:01 of 2nd period - Anthony Cirelli is hit by Connor McDavid.
0:07 of 2nd period - Shot by Artturi Lehkonen.
0:07 of 2nd period - Deflect By Blake Coleman.
0:07 of 2nd period - Stopped by Logan Thompson with a rebound.
0:09 of 2nd period - Shot by Artturi Lehkonen.
0:09 of 2nd period - Stopped by Logan Thompson with a rebound.
0:11 of 2nd period - Shot by Dmitry Orlov.
0:11 of 2nd period - Goal by Dmitry Orlov - COLUMBUS Blue Jackets : 3 - OTTAWA Senators : 3.
0:12 of 2nd period - Dylan Strome wins face-off versus Jake Evans in neutral zone.
0:24 of 2nd period - Vladimir Tarasenko is hit by Martin Fehervary.
0:25 of 2nd period - Minor Penalty to Martin Fehervary for Interference.
0:26 of 2nd period - Connor McDavid wins face-off versus Zemgus Girgensons in COLUMBUS Blue Jackets zone.
0:29 of 2nd period - Shot by Connor McDavid.
0:29 of 2nd period - Stopped by Mackenzie Blackwood without a rebound.
0:30 of 2nd period - Evan Rodrigues wins face-off versus Connor McDavid in COLUMBUS Blue Jackets zone.
0:30 of 2nd period - Evan Rodrigues is hit by Max Domi.
0:31 of 2nd period - Minor Penalty to Connor McDavid for High sticking.
0:32 of 2nd period - Anthony Duclair wins face-off versus Lars Eller in OTTAWA Senators zone.
1:09 of 2nd period - Shot by K'Andre Miller.
1:09 of 2nd period - Stopped by Mackenzie Blackwood without a rebound.
1:10 of 2nd period - Oliver Wahlstrom wins face-off versus Lars Eller in COLUMBUS Blue Jackets zone.
1:24 of 2nd period - Matt Benning is hit by Rasmus Sandin and loses puck.
1:27 of 2nd period - Shot by Andre Burakovsky.
1:27 of 2nd period - Shot Misses the Net.
1:29 of 2nd period - Shot by Neal Pionk.
1:29 of 2nd period - Shot Blocked by Rasmus Sandin.
1:35 of 2nd period - Shot by Lars Eller.
1:35 of 2nd period - Stopped by Logan Thompson with a rebound.
1:37 of 2nd period - Shot by Neal Pionk.
1:37 of 2nd period - Shot Misses the Net.
1:39 of 2nd period - Shot by Andre Burakovsky.
1:39 of 2nd period - Shot Misses the Net.
2:02 of 2nd period - Shot by Evan Rodrigues.
2:02 of 2nd period - Shot Blocked by Oliver Wahlstrom.
2:06 of 2nd period - Shot by Ryan Pulock.
2:06 of 2nd period - Stopped by Logan Thompson without a rebound.
2:07 of 2nd period - Dylan Strome wins face-off versus Lars Eller in OTTAWA Senators zone.
2:20 of 2nd period - Shot by Dylan Strome.
2:20 of 2nd period - Stopped by Mackenzie Blackwood with a rebound.
2:39 of 2nd period - Shot by Travis Boyd.
2:39 of 2nd period - Stopped by Logan Thompson without a rebound.
2:40 of 2nd period - Anthony Cirelli wins face-off versus Dylan Strome in OTTAWA Senators zone.
2:58 of 2nd period - Off-side.
2:59 of 2nd period - Connor McDavid wins face-off versus Zemgus Girgensons in neutral zone.
3:04 of 2nd period - Shot by Mikko Rantanen.
3:04 of 2nd period - Shot Misses the Net.
3:06 of 2nd period - Shot by Connor McDavid.
3:06 of 2nd period - Deflect By Mikko Rantanen.
3:06 of 2nd period - Shot Misses the Net.
3:16 of 2nd period - Shot by Mikko Rantanen.
3:16 of 2nd period - Stopped by Mackenzie Blackwood without a rebound.
3:17 of 2nd period - Anthony Cirelli wins face-off versus Dylan Strome in COLUMBUS Blue Jackets zone.
3:24 of 2nd period - Shot by Anthony Cirelli.
3:24 of 2nd period - Stopped by Logan Thompson without a rebound.
3:25 of 2nd period - Anthony Cirelli wins face-off versus Dylan Strome in OTTAWA Senators zone.
3:42 of 2nd period - Dylan Strome is hit by Dmitry Orlov.
4:08 of 2nd period - Tyler Bertuzzi is hit by Artturi Lehkonen and loses puck.
4:45 of 2nd period - Shot by Evan Rodrigues.
4:45 of 2nd period - Shot Misses the Net.
5:01 of 2nd period - Shot by Connor McDavid.
5:01 of 2nd period - Shot Misses the Net.
5:03 of 2nd period - Shot by Connor McDavid.
5:03 of 2nd period - Deflect By Mikko Rantanen.
5:03 of 2nd period - Stopped by Mackenzie Blackwood without a rebound.
5:04 of 2nd period - Lars Eller wins face-off versus Max Domi in COLUMBUS Blue Jackets zone.
5:04 of 2nd period - Lars Eller is hit by Garnet Hathaway.
5:23 of 2nd period - Sean Durzi is hit by Matt Benning and loses puck.
5:29 of 2nd period - Mikko Rantanen is hit by Matt Benning and loses puck.
5:40 of 2nd period - Shot by Garnet Hathaway.
5:40 of 2nd period - Stopped by Mackenzie Blackwood without a rebound.
5:41 of 2nd period - Blake Coleman wins face-off versus Dylan Strome in COLUMBUS Blue Jackets zone.
6:34 of 2nd period - Martin Fehervary is hit by Mikko Rantanen and loses puck.
6:39 of 2nd period - Shot by Connor McDavid.
6:39 of 2nd period - Deflect By Mikko Rantanen.
6:39 of 2nd period - Stopped by Mackenzie Blackwood without a rebound.
6:40 of 2nd period - Anthony Duclair wins face-off versus Lars Eller in COLUMBUS Blue Jackets zone.
7:35 of 2nd period - Shot by Evan Rodrigues.
7:35 of 2nd period - Shot Misses the Net.
8:01 of 2nd period - Shot by Andre Burakovsky.
8:01 of 2nd period - Stopped by Logan Thompson without a rebound.
8:02 of 2nd period - Anthony Cirelli wins face-off versus Connor McDavid in OTTAWA Senators zone.
8:04 of 2nd period - Artturi Lehkonen is hit by Rasmus Sandin and loses puck.
8:12 of 2nd period - Connor McDavid is hit by Ryan Pulock and loses puck.
8:23 of 2nd period - Shot by Mikko Rantanen.
8:23 of 2nd period - Shot Misses the Net.
8:25 of 2nd period - Shot by Samuel Girard.
8:25 of 2nd period - Stopped by Mackenzie Blackwood with a rebound.
8:44 of 2nd period - Off-side.
8:45 of 2nd period - Dylan Strome wins face-off versus Ondrej Palat in neutral zone.
9:37 of 2nd period - Minor Penalty to Calvin de Haan for Tripping.
9:38 of 2nd period - Connor McDavid wins face-off versus Evan Rodrigues in COLUMBUS Blue Jackets zone.
9:38 of 2nd period - Mikko Rantanen is hit by Dmitry Orlov and loses puck.
9:53 of 2nd period - Shot by Rasmus Sandin.
9:53 of 2nd period - Shot Misses the Net.
10:07 of 2nd period - Shot by Mikko Rantanen.
10:07 of 2nd period - Deflect By Connor McDavid.
10:07 of 2nd period - Shot Misses the Net.
10:09 of 2nd period - Shot by Samuel Girard.
10:09 of 2nd period - Shot Blocked by Dmitry Orlov.
10:38 of 2nd period - Icing by Cale Makar.
10:39 of 2nd period - Dylan Strome wins face-off versus Evan Rodrigues in OTTAWA Senators zone.
10:48 of 2nd period - Shot by Cale Makar.
10:48 of 2nd period - Shot Blocked by Martin Fehervary.
10:50 of 2nd period - Shot by K'Andre Miller.
10:50 of 2nd period - Deflect By Dylan Strome.
10:50 of 2nd period - Shot Misses the Net.
11:06 of 2nd period - Shot by K'Andre Miller.
11:06 of 2nd period - Shot Misses the Net.
11:36 of 2nd period - Icing by Mikko Rantanen.
11:37 of 2nd period - Anthony Cirelli wins face-off versus Oliver Wahlstrom in OTTAWA Senators zone.
11:50 of 2nd period - Shot by Garnet Hathaway.
11:50 of 2nd period - Shot Misses the Net.
12:02 of 2nd period - Shot by Anthony Duclair.
12:02 of 2nd period - Stopped by Mackenzie Blackwood without a rebound.
12:03 of 2nd period - Dylan Strome wins face-off versus Lars Eller in COLUMBUS Blue Jackets zone.
12:33 of 2nd period - Dmitry Orlov is hit by Tyler Bertuzzi and loses puck.
12:40 of 2nd period - Shot by Kailer Yamamoto.
12:40 of 2nd period - Stopped by Logan Thompson without a rebound.
12:41 of 2nd period - Anthony Cirelli wins face-off versus Connor McDavid in OTTAWA Senators zone.
13:06 of 2nd period - Minor Penalty to Connor McDavid for Holding.
13:07 of 2nd period - Oliver Wahlstrom wins face-off versus Evan Rodrigues in OTTAWA Senators zone.
13:16 of 2nd period - Samuel Girard is hit by Evan Rodrigues and loses puck.
13:40 of 2nd period - Off-side.
13:41 of 2nd period - Anthony Cirelli wins face-off versus Oliver Wahlstrom in neutral zone.
13:41 of 2nd period - Artturi Lehkonen is hit by Oliver Wahlstrom and loses puck.
13:48 of 2nd period - Shot by Blake Coleman.
13:48 of 2nd period - Deflect By Artturi Lehkonen.
13:48 of 2nd period - Shot Misses the Net.
13:50 of 2nd period - Shot by Martin Fehervary.
13:50 of 2nd period - Stopped by Logan Thompson without a rebound.
13:51 of 2nd period - Anthony Cirelli wins face-off versus Oliver Wahlstrom in OTTAWA Senators zone.
14:02 of 2nd period - Shot by Neal Pionk.
14:02 of 2nd period - Shot Misses the Net.
14:04 of 2nd period - Shot by Martin Fehervary.
14:04 of 2nd period - Stopped by Logan Thompson without a rebound.
14:05 of 2nd period - Dylan Strome wins face-off versus Evan Rodrigues in OTTAWA Senators zone.
14:05 of 2nd period - Dylan Strome is hit by Ondrej Palat.
14:27 of 2nd period - Shot by Dmitry Orlov.
14:27 of 2nd period - Shot Misses the Net.
14:29 of 2nd period - Shot by Dmitry Orlov.
14:29 of 2nd period - Shot Misses the Net.
14:31 of 2nd period - Shot by Ryan Pulock.
14:31 of 2nd period - Shot Misses the Net.
14:33 of 2nd period - Shot by Evan Rodrigues.
14:33 of 2nd period - Shot Misses the Net.
15:14 of 2nd period - Shot by Garnet Hathaway.
15:14 of 2nd period - Stopped by Mackenzie Blackwood without a rebound.
15:15 of 2nd period - Dylan Strome wins face-off versus Zemgus Girgensons in COLUMBUS Blue Jackets zone.
15:22 of 2nd period - Shot by Dylan Strome.
15:22 of 2nd period - Shot Misses the Net.
15:24 of 2nd period - Shot by J.J. Moser.
15:24 of 2nd period - Stopped by Mackenzie Blackwood without a rebound.
15:25 of 2nd period - Tyler Bertuzzi wins face-off versus Anthony Cirelli in COLUMBUS Blue Jackets zone.
15:36 of 2nd period - Shot by Artturi Lehkonen.
15:36 of 2nd period - Shot Misses the Net.
15:38 of 2nd period - Shot by Anthony Cirelli.
15:38 of 2nd period - Stopped by Logan Thompson without a rebound.
15:39 of 2nd period - Jake Evans wins face-off versus Mikko Rantanen in OTTAWA Senators zone.
15:42 of 2nd period - Shot by Evan Rodrigues.
15:42 of 2nd period - Stopped by Logan Thompson without a rebound.
15:43 of 2nd period - Max Domi wins face-off versus Artturi Lehkonen in OTTAWA Senators zone.
15:55 of 2nd period - Shot by Anthony Cirelli.
15:55 of 2nd period - Shot Misses the Net.
15:57 of 2nd period - Shot by Blake Coleman.
15:57 of 2nd period - Shot Misses the Net.
15:59 of 2nd period - Shot by Ryan Pulock.
15:59 of 2nd period - Stopped by Logan Thompson without a rebound.
16:00 of 2nd period - Dylan Strome wins face-off versus Jake Evans in OTTAWA Senators zone.
16:04 of 2nd period - Off-side.
16:05 of 2nd period - Connor McDavid wins face-off versus Anthony Cirelli in neutral zone.
18:04 of 2nd period - Shot by Garnet Hathaway.
18:04 of 2nd period - Shot Blocked by Ryan Pulock.
18:22 of 2nd period - Shot by Garnet Hathaway.
18:22 of 2nd period - Shot Misses the Net.
18:24 of 2nd period - Shot by Garnet Hathaway.
18:24 of 2nd period - Stopped by Mackenzie Blackwood without a rebound.
18:25 of 2nd period - Jake Evans wins face-off versus Connor McDavid in COLUMBUS Blue Jackets zone.
18:25 of 2nd period - Jake Evans is hit by Connor McDavid.
18:51 of 2nd period - Max Domi is hit by Calvin de Haan and loses puck.
19:03 of 2nd period - Icing by Matt Benning.
19:04 of 2nd period - Jake Evans wins face-off versus Tyler Bertuzzi in COLUMBUS Blue Jackets zone.
19:43 of 2nd period - Off-side.
19:44 of 2nd period - Connor McDavid wins face-off versus Lars Eller in neutral zone.
19:55 of 2nd period - Shot by Connor McDavid.
19:55 of 2nd period - Shot Blocked by Martin Fehervary.
19:58 of 2nd period - Icing by Martin Fehervary.
19:59 of 2nd period - Lars Eller wins face-off versus Mikko Rantanen in COLUMBUS Blue Jackets zone.
Goals for this period are 1 for COLUMBUS Blue Jackets vs 0 for OTTAWA Senators.
Shots for this period are 14 for COLUMBUS Blue Jackets vs 12 for OTTAWA Senators.

3rd period


0:01 of 3rd period - Artturi Lehkonen wins face-off versus Connor McDavid in neutral zone.
0:40 of 3rd period - Minor Penalty to Connor McDavid for High sticking.
0:41 of 3rd period - Evan Rodrigues wins face-off versus Oliver Wahlstrom in OTTAWA Senators zone.
0:46 of 3rd period - Shot by Kailer Yamamoto.
0:46 of 3rd period - Stopped by Logan Thompson without a rebound.
0:47 of 3rd period - Evan Rodrigues wins face-off versus Oliver Wahlstrom in OTTAWA Senators zone.
1:37 of 3rd period - Icing by Martin Fehervary.
1:38 of 3rd period - Evan Rodrigues wins face-off versus Oliver Wahlstrom in COLUMBUS Blue Jackets zone.
1:59 of 3rd period - K'Andre Miller is hit by Blake Coleman and loses puck.
3:09 of 3rd period - Shot by Tyler Bertuzzi.
3:09 of 3rd period - Stopped by Mackenzie Blackwood without a rebound.
3:10 of 3rd period - Connor McDavid wins face-off versus Jake Evans in COLUMBUS Blue Jackets zone.
3:10 of 3rd period - Connor McDavid is hit by Martin Fehervary.
4:07 of 3rd period - Shot by Garnet Hathaway.
4:07 of 3rd period - Shot Misses the Net.
4:11 of 3rd period - Shot by Dylan Strome.
4:11 of 3rd period - Stopped by Mackenzie Blackwood without a rebound.
4:11 of 3rd period - Minor Penalty to Neal Pionk for Tripping.
4:12 of 3rd period - Lars Eller wins face-off versus Dylan Strome in COLUMBUS Blue Jackets zone.
4:25 of 3rd period - Shot by Samuel Girard.
4:25 of 3rd period - Stopped by Mackenzie Blackwood without a rebound.
4:26 of 3rd period - Max Domi wins face-off versus Evan Rodrigues in COLUMBUS Blue Jackets zone.
4:45 of 3rd period - Shot by Connor McDavid.
4:45 of 3rd period - Stopped by Mackenzie Blackwood with a rebound.
4:47 of 3rd period - Shot by Mikko Rantanen.
4:47 of 3rd period - Shot Misses the Net.
4:49 of 3rd period - Shot by Mikko Rantanen.
4:49 of 3rd period - Shot Blocked by Evan Rodrigues.
5:27 of 3rd period - Shot by Dylan Strome.
5:27 of 3rd period - Shot Misses the Net.
5:33 of 3rd period - Shot by Vladimir Tarasenko.
5:33 of 3rd period - Shot Misses the Net.
5:35 of 3rd period - Shot by Dylan Strome.
5:35 of 3rd period - Shot Misses the Net.
5:39 of 3rd period - Shot by Dylan Strome.
5:39 of 3rd period - Shot Misses the Net.
6:15 of 3rd period - Shot by Garnet Hathaway.
6:15 of 3rd period - Stopped by Mackenzie Blackwood without a rebound.
6:16 of 3rd period - Garnet Hathaway wins face-off versus Zemgus Girgensons in COLUMBUS Blue Jackets zone.
6:21 of 3rd period - Shot by Anthony Duclair.
6:21 of 3rd period - Stopped by Mackenzie Blackwood without a rebound.
6:22 of 3rd period - Max Domi wins face-off versus Zemgus Girgensons in COLUMBUS Blue Jackets zone.
6:22 of 3rd period - Max Domi is hit by Dmitry Orlov.
6:25 of 3rd period - Garnet Hathaway is hit by Ryan Pulock and loses puck.
6:34 of 3rd period - Minor Penalty to Nick Seeler for Cross-checking.
6:35 of 3rd period - Connor McDavid wins face-off versus Evan Rodrigues in OTTAWA Senators zone.
6:49 of 3rd period - Icing by Dmitry Orlov.
6:50 of 3rd period - Evan Rodrigues wins face-off versus Connor McDavid in COLUMBUS Blue Jackets zone.
6:54 of 3rd period - Off-side.
6:55 of 3rd period - Connor McDavid wins face-off versus Blake Coleman in neutral zone.
8:32 of 3rd period - Shot by Evan Rodrigues.
8:32 of 3rd period - Shot Misses the Net.
9:01 of 3rd period - Icing by Dylan Strome.
9:02 of 3rd period - Lars Eller wins face-off versus Dylan Strome in OTTAWA Senators zone.
9:27 of 3rd period - Lars Eller is hit by Garnet Hathaway and loses puck.
9:45 of 3rd period - Connor McDavid is hit by Ryan Pulock and loses puck.
10:28 of 3rd period - Shot by Dylan Strome.
10:28 of 3rd period - Shot Misses the Net.
10:40 of 3rd period - Shot by Tyler Bertuzzi.
10:40 of 3rd period - Shot Misses the Net.
10:42 of 3rd period - Shot by Vladimir Tarasenko.
10:42 of 3rd period - Shot Misses the Net.
10:45 of 3rd period - Minor Penalty to Dmitry Orlov for Delaying the game.
10:46 of 3rd period - Zemgus Girgensons wins face-off versus Dylan Strome in COLUMBUS Blue Jackets zone.
10:46 of 3rd period - Zemgus Girgensons is hit by Tyler Bertuzzi.
11:13 of 3rd period - Shot by Dylan Strome.
11:13 of 3rd period - Shot Misses the Net.
11:31 of 3rd period - Shot by Cale Makar.
11:31 of 3rd period - Shot Misses the Net.
11:33 of 3rd period - Shot by Cale Makar.
11:33 of 3rd period - Shot Blocked by Neal Pionk.
13:03 of 3rd period - Shot by Dylan Strome.
13:03 of 3rd period - Shot Blocked by Neal Pionk.
13:09 of 3rd period - Shot by Dylan Strome.
13:09 of 3rd period - Shot Misses the Net.
13:11 of 3rd period - Shot by Nick Seeler.
13:11 of 3rd period - Stopped by Mackenzie Blackwood without a rebound.
13:12 of 3rd period - Max Domi wins face-off versus Anthony Cirelli in COLUMBUS Blue Jackets zone.
13:57 of 3rd period - Icing by Matt Benning.
13:58 of 3rd period - Tyler Bertuzzi wins face-off versus Lars Eller in COLUMBUS Blue Jackets zone.
14:01 of 3rd period - Shot by K'Andre Miller.
14:01 of 3rd period - Shot Misses the Net.
14:23 of 3rd period - Icing by K'Andre Miller.
14:24 of 3rd period - Dylan Strome wins face-off versus Jake Evans in OTTAWA Senators zone.
14:33 of 3rd period - Icing by Martin Fehervary.
14:34 of 3rd period - Jake Evans wins face-off versus Connor McDavid in COLUMBUS Blue Jackets zone.
14:34 of 3rd period - Jake Evans is hit by Mikko Rantanen.
14:41 of 3rd period - Neal Pionk is hit by Rasmus Sandin and loses puck.
14:50 of 3rd period - Evan Rodrigues is hit by Mikko Rantanen and loses puck.
15:26 of 3rd period - Minor Penalty to Blake Coleman for Elbowing.
15:27 of 3rd period - Evan Rodrigues wins face-off versus Dylan Strome in COLUMBUS Blue Jackets zone.
15:33 of 3rd period - Icing by Cale Makar.
15:34 of 3rd period - Evan Rodrigues wins face-off versus Dylan Strome in OTTAWA Senators zone.
15:40 of 3rd period - Zemgus Girgensons is hit by K'Andre Miller.
16:00 of 3rd period - Off-side.
16:01 of 3rd period - Evan Rodrigues wins face-off versus Connor McDavid in neutral zone.
16:14 of 3rd period - Shot by Evan Rodrigues.
16:14 of 3rd period - Stopped by Logan Thompson without a rebound.
16:15 of 3rd period - Evan Rodrigues wins face-off versus Dylan Strome in OTTAWA Senators zone.
16:30 of 3rd period - Shot by K'Andre Miller.
16:30 of 3rd period - Stopped by Mackenzie Blackwood with a rebound.
17:08 of 3rd period - Shot by Rasmus Sandin.
17:08 of 3rd period - Shot Misses the Net.
17:22 of 3rd period - Shot by Connor McDavid.
17:22 of 3rd period - Deflect By Mikko Rantanen.
17:22 of 3rd period - Stopped by Mackenzie Blackwood without a rebound.
17:23 of 3rd period - Connor McDavid wins face-off versus Evan Rodrigues in COLUMBUS Blue Jackets zone.
17:28 of 3rd period - Shot by Mikko Rantanen.
17:28 of 3rd period - Shot Misses the Net.
17:30 of 3rd period - Shot by J.J. Moser.
17:30 of 3rd period - Stopped by Mackenzie Blackwood without a rebound.
17:31 of 3rd period - Connor McDavid wins face-off versus Anthony Cirelli in COLUMBUS Blue Jackets zone.
17:38 of 3rd period - Shot by Connor McDavid.
17:38 of 3rd period - Stopped by Mackenzie Blackwood without a rebound.
17:39 of 3rd period - Connor McDavid wins face-off versus Anthony Cirelli in COLUMBUS Blue Jackets zone.
17:40 of 3rd period - Shot by Cale Makar.
17:40 of 3rd period - Shot Misses the Net.
18:03 of 3rd period - Shot by Connor McDavid.
18:03 of 3rd period - Shot Misses the Net.
18:20 of 3rd period - Shot by Max Domi.
18:20 of 3rd period - Stopped by Mackenzie Blackwood without a rebound.
18:21 of 3rd period - Dylan Strome wins face-off versus Lars Eller in COLUMBUS Blue Jackets zone.
18:42 of 3rd period - Shot by Lars Eller.
18:42 of 3rd period - Stopped by Logan Thompson without a rebound.
18:43 of 3rd period - Dylan Strome wins face-off versus Jake Evans in OTTAWA Senators zone.
18:43 of 3rd period - Minor Penalty to Evan Rodrigues for High sticking.
18:44 of 3rd period - Lars Eller wins face-off versus Tyler Bertuzzi in COLUMBUS Blue Jackets zone.
19:27 of 3rd period - Shot by Dylan Strome.
19:27 of 3rd period - Shot Misses the Net.
19:49 of 3rd period - Shot by Rasmus Sandin.
19:49 of 3rd period - Stopped by Mackenzie Blackwood without a rebound.
19:50 of 3rd period - Anthony Cirelli wins face-off versus Connor McDavid in COLUMBUS Blue Jackets zone.
19:56 of 3rd period - Icing by Samuel Girard.
19:57 of 3rd period - Lars Eller wins face-off versus Connor McDavid in OTTAWA Senators zone.
Goals for this period are 0 for COLUMBUS Blue Jackets vs 0 for OTTAWA Senators.
Shots for this period are 3 for COLUMBUS Blue Jackets vs 13 for OTTAWA Senators.

Overtime #1


0:01 of 1st overtime period - Artturi Lehkonen wins face-off versus Connor McDavid in neutral zone.
0:07 of 1st overtime period - Icing by Cale Makar.
0:08 of 1st overtime period - Artturi Lehkonen wins face-off versus Connor McDavid in OTTAWA Senators zone.
0:17 of 1st overtime period - Shot by Artturi Lehkonen.
0:17 of 1st overtime period - Shot Misses the Net.
0:45 of 1st overtime period - Shot by Dylan Strome.
0:45 of 1st overtime period - Stopped by Mackenzie Blackwood without a rebound.
0:46 of 1st overtime period - Dylan Strome wins face-off versus Anthony Cirelli in COLUMBUS Blue Jackets zone.
2:35 of 1st overtime period - Icing by Samuel Girard.
2:36 of 1st overtime period - Zemgus Girgensons wins face-off versus Connor McDavid in OTTAWA Senators zone.
3:29 of 1st overtime period - Icing by Tyler Bertuzzi.
3:30 of 1st overtime period - Max Domi wins face-off versus Anthony Cirelli in OTTAWA Senators zone.
3:44 of 1st overtime period - Off-side.
3:45 of 1st overtime period - Dylan Strome wins face-off versus Zemgus Girgensons in neutral zone.
4:10 of 1st overtime period - Shot by Dylan Strome.
4:10 of 1st overtime period - Goal by Dylan Strome - COLUMBUS Blue Jackets : 3 - OTTAWA Senators : 4.
Goals for this period are 0 for COLUMBUS Blue Jackets vs 1 for OTTAWA Senators.
Shots for this period are 0 for COLUMBUS Blue Jackets vs 2 for OTTAWA Senators. Output by the SimonT Hockey Simulator (STHS) for Martin Benoit - Original Page W3C HTML5 Valid
Hockey Simulator - Hockey Simulation - Hockey Manager